 Dungeon Crawl Stone Soup version 0.31-a0-920-g28cbb04a8c (webtiles) character file.

Game seed: 13206790056584410980

108 Azuregosa the Sneak (level 4, 0/31 HPs)
             Began as an Octopode Delver on Oct 17, 2023.
             Was a Believer of Vehumet.
             Slain by an orc
             ... wielding a +0 whip
              (1 damage)
             ... on level 3 of the Dungeon.
             The game lasted 00:13:28 (1821 turns).

Azuregosa the Sneak (Octopode Delver)               Turns: 1821, Time: 00:13:29

Health: 0/31       AC:  1    Str: 11    XL:     4   Next: 87%
Magic:  9/9        EV: 13    Int: 12    God:    Vehumet [**....]
Gold:   119        SH:  0    Dex: 15    Spells: 2/9 levels left

rFire   + . .        i - +2 spear (heavy)
rCold   . . .        (no shield)
rNeg    . . .        (helmet restricted)
rPois   .            (no amulet)
rElec   .            r - ring of protection from fire
rCorr   .            (no ring)
SInv    .            (no ring)
Will    .....        (no ring)
Stlth   +++++        (no ring)
HPRegen 0.25/turn    (no ring)
MPRegen 0.11/turn    (no ring)
                     (no ring)

%: no passive effects
@: no status effects
A: almost no armour, amphibious, 8 rings, camouflage 1, gelatinous body 1,
(nimble swimmer 1), tentacles
a: Renounce Religion


You were on level 3 of the Dungeon.
You worshipped Vehumet.
Vehumet was pleased with you.
You visited 2 branches of the dungeon, and saw 7 of its levels.

You collected 119 gold pieces.

Inventory:

Hand Weapons
 f - a +1 whip of electrocution
 i - a +2 heavy spear (weapon)
Missiles
 h - 8 poisoned darts
Jewellery
 b - a ring of fire
 r - a ring of protection from fire (left tentacle)
Wands
 c - a wand of polymorph (16)
 e - a wand of digging (3)
Scrolls
 a - 3 scrolls of fog
 j - 4 scrolls of identify {unknown}
 l - 2 scrolls of vulnerability {unknown}
 p - a scroll of immolation {unknown}
 q - a scroll of teleportation {unknown}
Potions
 d - a potion of haste
 g - 6 potions of curing {unknown}
 k - a potion of ambrosia {unknown}
 m - 2 potions of magic {unknown}
 n - 2 potions of heal wounds {unknown}
 o - a potion of attraction {unknown}


   Skills:
 + Level 3.0 Fighting
 + Level 0.1 Polearms
 + Level 2.0 Dodging
 - Level 7.2 Stealth
 - Level 2.0 Unarmed Combat
 + Level 3.3 Spellcasting
 + Level 0.2 Summonings


You had 2 spell levels left.
You knew the following spells:

 Your Spells              Type           Power      Damage    Failure   Level
a - Shock                 Conj/Air       8%         1d3       24%         1
b - Blink                 Tloc           4%         N/A       34%         2
c - Summon Lightning Spi  Summ/Air       2%         N/A       92%         4

Your spell library contained the following spells:

 Spells                   Type           Power      Damage    Failure   Level
 Searing Ray              Conj           4%         2d4       34%         2
 Lesser Beckoning         Tloc           4%         N/A       34%         2
 Momentum Strike          Conj/Tloc      4%         3d8       34%         2
 Static Discharge         Conj/Air       4%         2-3/arc   34%         2
 Sublimation of Blood     Necr           2%         N/A       34%         2
 Wereblood                Tmut           2%         N/A       34%         2
 Airstrike                Air            1%         2d(1-17)  93%         4
 Summon Hydra             Summ           1%         N/A       100%        7


Dungeon Overview and Level Annotations

Branches:
Dungeon (6/15)             Temple (1/1) D:5

Altars:
Ashenzari
Cheibriados
Dithmenos
Elyvilon
Fedhas
Gozag
Hepliaklqana
Kikubaaqudgha
Makhleb
Okawaru
Qazlal
Ru
Sif Muna
Trog
Uskayaw
Vehumet
Wu Jian
Xom
Yredelemnul
Zin
The Shining One

Annotations:
D:3 Grinder


Innate Abilities, Weirdness & Mutations

You cannot wear most types of armour.
You are amphibious.
You can wear up to eight rings at the same time.
Your skin changes colour to match your surroundings (Stealth+).
Your rubbery body absorbs attacks. (AC +1, EV +1)
((You are camouflaged when in or above water. (Stealth+)))
You have tentacles for arms and can constrict up to eight enemies at once.


Message History

Reach: i) +2 spear (heavy)
Press: ? - help, Dir - move target, f - kobold
Aim: a kobold, wielding a +0 short sword and quivering poisoned darts (asleep, about 2% to evade your +2 heavy spear)
You reach to attack!
The helpless kobold fails to defend itself.
You puncture the kobold!
You kill the kobold!
Vehumet accepts your kill.
h - 8 poisoned darts (gained 4)
You see here a +0 short sword.
The orc shouts! x4
You puncture the orc!
You kill the orc!
Vehumet accepts your kill.
You barely miss the orc. Your grab misses the orc.
The orc hits you from afar with a +0 trident.
You hit the orc. Your grab misses the orc.
The orc is heavily wounded.
The orc misses you.
The orc hits you from afar with a +0 trident.
The orc hits you with a +0 club.
The orc hits you from afar with a +0 trident!
The orc misses you. The orc hits you with a +0 whip.
As you read the scroll of fog, it dissolves into smoke.
The orc hits you with a +0 whip.
* * * LOW HITPOINT WARNING * * *
The orc hits you from afar with a +0 trident.
* * * LOW HITPOINT WARNING * * *
The orc hits you with a +0 club.
* * * LOW HITPOINT WARNING * * *
The orc misses you. The orc attacks as it pursues you!
The orc hits you with a +0 club.
* * * LOW HITPOINT WARNING * * *
The orc hits you with a +0 whip.
* * * LOW HITPOINT WARNING * * *
The orc attacks as it pursues you! The orc misses you.
The orc attacks as it pursues you! The orc hits you with a +0 whip.
* * * LOW HITPOINT WARNING * * *
The orc attacks as it pursues you! The orc hits you with a +0 whip.
You die...

#.#.#........##..).# ##....
#.#.#........##.##.# #..<..
#............##.##.# #.....
###.#........ #.##.# #..... #
#.#....... #.##.# #..... #
#.#...§§o. #.##.# #..... ###
#...#+#o#####.##.# ###.....
..####### #§o§o...##.#####.......
#>........§§§o.o@........'.......
#...####.#################.......
###.# # ######....### .#
#..........# # ##..........##
.......).....# .....#####...#
..... #.... ... #....


You could see 4 orcs.

Vanquished Creatures
  Jessica (D:2)
  An adder (D:2)
  2 adder skeletons (D:2)
  A worm (D:4)
  4 dart slugs
  2 orcs (D:3)
  A bat zombie (D:2)
  3 endoplasms
  4 giant cockroaches
  3 goblins (D:2)
  3 jackals (D:5)
  9 kobolds
  A quokka (D:1)
  6 ball pythons
  A ball python zombie (D:2)
  4 bats
  2 frilled lizards (D:1)
  A giant cockroach zombie (D:2)
  A quokka skeleton (D:2)
  A quokka zombie (D:2)
  4 rats
55 creatures vanquished.

Notes
Turn   | Place    | Note
-------+----------+-------------------------------------------
     0 | D:5      | Azuregosa the Octopode Delver began the quest for the Orb.
     0 | D:5      | Reached XP level 1. HP: 16/16 MP: 1/1
     1 | D:6      | Noticed a wight
    21 | D:5      | Found a staircase to the Ecumenical Temple.
    30 | Temple   | Entered the Ecumenical Temple
    44 | Temple   | Became a worshipper of Vehumet
    63 | D:5      | Noticed a black bear
    82 | D:5      | Noticed an iguana
   102 | D:4      | Reached skill level 7 in Stealth
   102 | D:4      | Reached XP level 2. HP: 21/21 MP: 2/2
   378 | D:3      | Reached skill level 1 in Spellcasting
   388 | D:2      | Found a hide-covered altar of Uskayaw.
   508 | D:1      | Reached XP level 3. HP: 26/26 MP: 3/5
   687 | D:1      | Reached * piety under Vehumet
   687 | D:1      | Offered knowledge of Shock by Vehumet.
   690 | D:1      | Learned a level 1 spell: Shock
  1252 | D:2      | Learned a level 2 spell: Blink
  1264 | D:2      | Reached XP level 4. HP: 30/31 MP: 7/7
  1356 | D:2      | Noticed Jessica
  1366 | D:2      | Killed Jessica
  1430 | D:2      | Offered knowledge of Searing Ray by Vehumet.
  1549 | D:2      | Learned a level 4 spell: Summon Lightning Spire
  1561 | D:2      | Reached ** piety under Vehumet
  1762 | D:3      | Noticed Grinder
  1762 | D:3      | Noticed an ogre
  1820 | D:3      | HP: 1/31 [orc/+0 whip (3)]
  1821 | D:3      | Slain by an orc

Illustrated notes

Levels and vault maps discovered:
D:1:      mrwooster_arrival_statue_2, layout_loops_ring
D:2:      layout_loops_cross, basic_altar, serial_undead, serial_undead_b,
          serial_undead_f, serial_undead_c, serial_undead_d, serial_undead_d,
          serial_undead_d, serial_undead_f, uniq_jessica
D:3:      layout_basic, roderic_serpentine_path, uniq_grinder
D:4:      layout_basic, grunt_ministairs_8, minivault_26, uniq_robin
D:5:      layout_basic, minmay_temple_entry_steel_oval
D:6:      layout_rooms, serial_shops, nicolae_shop_tiny_real_fake_doors,
          nicolae_shop_crystal, shop, nicolae_shop_self_help
Temple:   mainiacjoe_temple_trianglar_array

Skill      XL: |  1  2  3  4 |
---------------+-------------+-----
Stealth        | 7 |  7.2
Spellcasting   | 1 2 3 |  3.3
Fighting       | |  3.0
Polearms       | |  0.1
Dodging        | |  2.0
Unarmed Combat | |  2.0
Summonings     | |  0.2

Action                     |  1- 3 |  4- 6 || total
---------------------------+-------+-------++-------
  Melee: Unarmed           |    17 |     6 ||    23
         Tentacles         |    12 |     3 ||    15
         Constrict         |    15 |     2 ||    17
         Whip              |     5 |       ||     5
         Spear             |    49 |    22 ||    71
         Punch             |     1 |       ||     1
   Cast: Shock             |     1 |       ||     1
    Use: Scroll            |     2 |     1 ||     3
   Stab: Sleeping          |    16 |     7 ||    23
 Armour: Skin              |    29 |    18 ||    47
  Dodge: Dodged            |    33 |    17 ||    50

Table legend: (Time is in decaauts)
 A = Elapsed time spent in this place.
 B = Non-inter-level travel time spent in this place.
 C = Inter-level travel time spent in this place.
 D = Time resting spent in this place.
 E = Time spent auto-exploring this place.
 F = Levels seen in this place.
 G = Mean time per level.
                   A        B        C        D        E       F      G
               +--------+--------+--------+--------+--------+-----+--------+
         Total |   1865 |   1801 |     64 |    147 |    782 |   7 |  266.4 |
       Dungeon |   1838 |   1774 |     64 |    147 |    782 |   6 |  306.3 |
        Temple |     27 |     27 |      0 |      0 |      0 |   1 |   27.0 |
               +--------+--------+--------+--------+--------+-----+--------+

Top non-repeatable levels by time:
     D:1: 722 daAuts
     D:2: 698 daAuts
     D:3: 209 daAuts
     D:4: 144 daAuts
     D:5: 62 daAuts
  Temple: 27 daAuts
     D:6: 1 daAuts
